 Dungeon Crawl Stone Soup version 0.27-a0-887-gcab673c142 (webtiles) character file.

Game seed: 17253385442477410015

2422 dickylongcocking the Skirmisher (level 9, -6/70 HPs)
             Began as a Djinni Fire Elementalist on Apr 3, 2021.
             Was an Initiate of Makhleb.
             Mangled by a wight
             ... wielding a +0 battleaxe
              (17 damage)
             ... on level 7 of the Dungeon.
             The game lasted 00:08:07 (10714 turns).

dickylongcocking the Skirmisher (DjFE)             Turns: 10714, Time: 00:08:08

Health: -6/70      AC:  3    Str:  7    XL:     9   Next: 48%
Gold:   359        EV: 12    Int: 20    God:    Makhleb [......] SH:  0 Dex: 14

rFire    + + .     SeeInvis .   b - +3 rapier (freeze)
rCold    x . .     Faith    .   (no shield)
rNeg     . . .     Spirit   .   a - +1 robe
rPois    ∞         Reflect  .   (no helmet)
rElec    .         Harm     .   (no cloak)
rCorr    .         Rampage  .   (no gloves)
Will     .....                  (boots unavailable)
Stlth    ++........             (no amulet)
HPRegen  0.21/turn              (no ring)
MPRegen  0.00/turn              (no ring)

@: weak-willed, flying
A: fire resistance 2, cold vulnerability 1, float, innate caster, hp casting,
extra vitality 1
a: Renounce Religion


You were on level 7 of the Dungeon.
You worshipped Makhleb.
Makhleb was noncommittal.
You visited 2 branches of the dungeon, and saw 8 of its levels.

You collected 359 gold pieces.

Inventory:

Hand Weapons
 b - a +3 rapier of freezing (weapon)
Missiles
 s - 2 throwing nets
Armour
 a - a +1 robe (worn)
Magical Staves
 k - a staff of death
Wands
 f - a wand of flame (24)
 g - a wand of iceblast (8)
 h - a wand of digging (16)
 l - a wand of charming (9)
Scrolls
 j - a scroll of enchant weapon
 u - a scroll of teleportation {unknown}
Potions
 c - 2 potions of lignification {unknown}
 i - a potion of attraction {unknown}
 m - a potion of brilliance {unknown}
 q - a potion of resistance {unknown}


   Skills:
 * Level 7.8 Fighting
 + Level 4.8 Short Blades
 - Level 2.2 Dodging
 - Level 1.5 Stealth
 * Level 7.1 Spellcasting


You couldn't memorise any spells.
You knew the following spells:

 Your Spells              Type           Power      Damage    Failure   Level
a - Foxfire               Conj/Fire      100%       2x1d9     1%          1
b - Conjure Flame         Conj/Fire      35%        6-21      1%          3
c - Inner Flame           Hex/Fire       35%        N/A       1%          3
d - Sticky Flame          Conj/Fire      35%        2d5       4%          4
e - Fireball              Conj/Fire      17%        3d9       14%         5
f - Sting                 Tmut/Pois      100%       1d8       1%          1
g - Ensorcelled Hibernat  Hex/Ice        70%        N/A       1%          2
h - Lesser Beckoning      Tloc           17%        N/A       1%          3
i - Summon Lightning Spi  Summ/Air       35%        N/A       4%          4
Your spell library was empty.

Dungeon Overview and Level Annotations

Branches:
Dungeon (7/15)             Temple (1/1) D:4

Altars:
Cheibriados
Dithmenos
Elyvilon
Fedhas
Gozag
Hepliaklqana
Kikubaaqudgha
Makhleb
Nemelex Xobeh
Okawaru
Qazlal
Ru
Sif Muna
Trog
Uskayaw
Vehumet
Wu Jian
Xom
Yredelemnul
Zin
The Shining One

Shops:
D:1 =

Annotations:
D:4 3 runed translucent doors, BlueFish's ghost, weakling KoDe


Innate Abilities, Weirdness & Mutations

You are immune to poison.
Your flesh is very heat resistant. (rF++)
You are vulnerable to cold. (rC-)
You float through the air rather than walking.
You learn spells naturally, not from books.
Your magical power is your life essence.
You have superior vitality. (+4 HP)


Message History

A wight comes into view. It is wielding a +0 trident.
You feel better. The orc wizard misses you. The orc misses you.
As you read the scroll of identify, it crumbles to dust.
t - a scroll of fog The orc wizard hits you with a +0 quarterstaff.
The orc misses you.
Unknown command.
As you read the scroll of fog, it crumbles to dust.
The scroll dissolves into smoke.
The orc wizard gestures at you while chanting.
You easily resist.
The orc hits you with a +0 club.
Unknown command.
The wight hits you with a +0 scimitar!
* * * LOW HITPOINT WARNING * * *
Unknown command.
Unknown command.
Okay, then.
You feel better. The wight hits you with a +0 scimitar.
* * * LOW HITPOINT WARNING * * *
The orc wizard hits you with a +0 quarterstaff.
* * * LOW HITPOINT WARNING * * *
Okay, then.
You feel better.
The orc wizard hits you but does no damage.
The orc hits you but does no damage.
As you read the scroll labelled OSUB GILUGG, it crumbles to dust.
Magic quickly surges around you.
It was a scroll of vulnerability.
The orc wizard hits you with a +0 quarterstaff.
* * * LOW HITPOINT WARNING * * *
The orc hits you with a +0 club.
* * * LOW HITPOINT WARNING * * *
The wight barely misses you.
Unknown command.
Okay, then.
As you read the scroll labelled ETHULEIRIJI, it crumbles to dust.
It is a scroll of enchant weapon.
Your +2 rapier of freezing glows red for a moment.
The orc wizard barely misses you. The orc barely misses you.
The wight hits you with a +0 battleaxe!
You die...

######### .....§§§#
#.....zz@# #.....§oo#
##########
#.....§§z####........#
##......§§§...........#
........z.##<.........#
..........##.#.$.........
......z...#..#############
..........#.#######.......
..#....#..................


You could see 3 wights, an orc wizard (weak-willed) and an orc (weak-willed).

Vanquished Creatures
  Grinder (D:3)
  2 ice beasts
  An orc warrior (D:7)
  A black bear (D:6)
  2 necrophages (D:6)
  An ogre (D:6)
  3 phantoms
  A bullfrog (D:6)
  A water moccasin zombie (D:7)
  4 scorpions
  2 wyvern skeletons (D:6)
  4 wights (D:7)
  A crimson imp (D:6)
  A bullfrog zombie (D:5)
  3 hounds
  2 jellies (D:6)
  3 orc priests
  A bullfrog skeleton (D:6)
  Jessica (D:2)
  3 iguanas
  A scorpion zombie (D:5)
  4 orc wizards
  8 gnolls
  5 adders
  A shadow imp (D:7)
  A white imp (D:6)
  3 dart slugs
  20 orcs
  5 endoplasms
  2 giant cockroaches
  5 goblins
  8 hobgoblins
  14 jackals
  4 quokkas
  10 ball pythons
  5 bats
  2 frilled lizards
  4 kobolds
  9 rats
149 creatures vanquished.

Vanquished Creatures (collateral kills)
  An orc (D:6)
1 creature vanquished.

Vanquished Creatures (others)
  64 foxfires
64 creatures vanquished.

Grand Total: 214 creatures vanquished

Notes
Turn   | Place    | Note
-------+----------+-------------------------------------------
     0 | D:1      | dickylongcocking the Djinni Fire Elementalist began the
                  | quest for the Orb.
     0 | D:1      | Reached XP level 1. HP: 15/15 MP: 0/0
   256 | D:1      | Reached XP level 2. HP: 19/22 MP: 0/0
   297 | D:1      | Found Gyhuefiq's Jewellery Shop.
   369 | D:1      | Found a faded altar of an unknown god.
   428 | D:1      | Reached skill level 1 in Fighting
   786 | D:1      | Reached XP level 3. HP: 25/27 MP: 0/0
   786 | D:1      | Learned a level 1 spell: Sting
  1166 | D:2      | Reached skill level 1 in Short Blades
  1561 | D:2      | Noticed Jessica
  1563 | D:2      | Killed Jessica
  1564 | D:2      | Reached XP level 4. HP: 32/34 MP: 0/0
  2498 | D:2      | Reached XP level 5. HP: 27/39 MP: 0/0
  2498 | D:2      | Learned a level 2 spell: Ensorcelled Hibernation
  3491 | D:3      | Reached XP level 6. HP: 33/46 MP: 0/0
  4015 | D:3      | Noticed Grinder
  4016 | D:3      | Paralysed by Grinder for 3 turns
  4032 | D:3      | Killed Grinder
  4033 | D:3      | Reached XP level 7. HP: 49/52 MP: 0/0
  4033 | D:3      | Learned a level 3 spell: Lesser Beckoning
  4431 | D:4      | Found a staircase to the Ecumenical Temple.
  4591 | Temple   | Entered the Ecumenical Temple
  5312 | D:4      | Found a runed translucent gate.
  5312 | D:4      | Found a runed translucent gate.
  5312 | D:4      | Found a runed translucent gate.
  5313 | D:4      | Found an opulent altar of Gozag.
  5314 | D:4      | Noticed BlueFish's ghost (weakling KoDe)
  5717 | D:5      | Entered Level 5 of the Dungeon
  6573 | D:5      | Reached skill level 5 in Fighting
  6573 | D:5      | Reached skill level 5 in Spellcasting
  6855 | D:5      | Found a shadowy altar of Dithmenos.
  6860 | D:5      | Found a white marble altar of Elyvilon.
  6861 | D:5      | Found a snail-covered altar of Cheibriados.
  6861 | D:5      | Found a sacrificial altar of Ru.
  6876 | D:5      | Reached XP level 8. HP: 37/60 MP: 0/0
  7111 | D:5      | Found a glowing golden altar of the Shining One.
  7113 | D:5      | Found a hide-covered altar of Uskayaw.
  7114 | D:5      | Found a stormy altar of Qazlal.
  8673 | D:6      | Reached XP level 9. HP: 19/67 MP: 0/0
  8673 | D:6      | Learned a level 4 spell: Summon Lightning Spire
  9555 | D:6      | Found a burning altar of Makhleb.
  9566 | D:6      | Became a worshipper of Makhleb the Destroyer
 10036 | D:7      | HP: 3/68 [wight/+0 scimitar (16)]
 10714 | D:7      | Mangled by a wight

Illustrated notes

Levels and vault maps discovered:
D:1:      onia_arrival_handbag, layout_rooms, serial_shops, shop,
          basic_ecumenical_altar
D:2:      layout_basic, grunt_ministairs_12, minmay_tetromino_o4, uniq_jessica
D:3:      layout_loops_ring, grunt_decor_resistance, lightli_corner_chamber,
          uniq_grinder
D:4:      layout_basic, minmay_temple_entry_mini_moons, ebering_ghost_gozag
D:5:      layout_gridville, minitemple, feat_on_display
D:6:      layout_loops_cross, makhleb_grotto_becter
D:7:      layout_rooms, uniq_maggie
Temple:   hc_temple_tempest_star

Skill      XL: |  1  2  3  4  5  6  7  8  9 |
---------------+----------------------------+-----
Fighting       | 1 2 3 4 5 6 7 |  7.8
Spellcasting   | 3 4 5 6 7 |  7.1
Short Blades   | 1 2 3 4 |  4.8
Dodging        | |  2.2
Stealth        | |  1.5

Action                   |  1- 3 |  4- 6 |  7- 9 || total
-------------------------+-------+-------+-------++-------
Melee: Rapier            |    65 |   108 |   103 ||   276
 Cast: Foxfire           |     4 |    14 |    22 ||    40
       Ensorcelled Hiber |       |     2 |       ||     2
       Sting             |       |     4 |     3 ||     7
       Inner Flame       |       |     2 |    12 ||    14
       Sticky Flame      |       |       |    23 ||    23
       Fireball          |       |       |     6 ||     6
Evoke: Wand              |       |       |     6 ||     6
  Use: Scroll            |       |     4 |     6 ||    10
       Potion            |       |     1 |     8 ||     9
 Stab: Sleeping          |     3 |     4 |     2 ||     9
Armor: Robe              |    12 |    19 |    18 ||    49
Dodge: Dodged            |    46 |    84 |    91 ||   221

Table legend: (Time is in decaauts)
 A = Elapsed time spent in this place.
 B = Non-inter-level travel time spent in this place.
 C = Inter-level travel time spent in this place.
 D = Time resting spent in this place.
 E = Time spent auto-exploring this place.
 F = Levels seen in this place.
 G = Mean time per level.
                   A        B        C        D        E       F      G
               +--------+--------+--------+--------+--------+-----+--------+
         Total |  10743 |  10401 |    342 |   3322 |   6024 |   8 | 1342.9 |
       Dungeon |  10569 |  10246 |    323 |   3322 |   5891 |   7 | 1509.9 |
        Temple |    173 |    155 |     18 |      0 |    133 |   1 |  173.0 |
               +--------+--------+--------+--------+--------+-----+--------+

Top non-repeatable levels by time:
     D:6: 2538 daAuts
     D:5: 2016 daAuts
     D:1: 1669 daAuts
     D:2: 1371 daAuts
     D:3: 1283 daAuts
     D:4: 1244 daAuts
     D:7: 445 daAuts
  Temple: 173 daAuts
